 Dungeon Crawl Stone Soup version 0.29.0-4-gdea44cf6ec (webtiles) character file.

Game seed: 4477607550004100340

126 qw the Chopper (level 5, 0/30 HPs)
             Began as a Tengu Warper on Aug 28, 2022.
             Slain by a wyvern (4 damage)
             ... on level 4 of the Dungeon.
             The game lasted 00:00:21 (2983 turns).

qw the Chopper (Tengu Warper)                       Turns: 2983, Time: 00:00:22

Health: 0/30       AC:  8    Str: 13    XL:     5   Next: 9%
Magic:  0/9        EV:  7    Int: 14    God:
Gold:   97         SH:  0    Dex: 13    Spells: 8/8 levels left

rFire   . . .      SeeInvis .   Y - +0 hand axe (flame)
rCold   . . .      Faith    .   (no shield)
rNeg    . . .      Spirit   +   a - +0 chain mail
rPois   .          Reflect  .   (helmet restricted)
rElec   .          Harm     .   (no cloak)
rCorr   .          Rampage  .   (no gloves)
Will    .....                   (boots unavailable)
Stlth   ..........              n - amulet of guardian spirit
HPRegen 0.10/turn               i - +4 ring of slaying {mikee}
MPRegen 0.11/turn               (no ring)

@: about to teleport, flying quickly and evasively, quick
A: beak, talons 3, nimble flight
a: no special abilities


You were on level 4 of the Dungeon.
You visited 1 branch of the dungeon, and saw 4 of its levels.

You collected 97 gold pieces.


Innate Abilities, Weirdness & Mutations

You have a beak for a mouth.
You have claws for feet.
Your magical nature lets you fly swiftly and evasively.


   Skills:
 - Level 2.0 Fighting
 + Level 5.6 Axes
 - Level 1.0 Throwing
 - Level 1.1 Armour
 - Level 2.1 Dodging
 - Level 2.0 Spellcasting
 - Level 2.4 Translocations


You had 8 spell levels left.
You didn't know any spells.
Your spell library contained the following spells:

 Spells                   Type           Power      Damage    Failure   Level
 Blink                    Tloc           16%        N/A       99%         2
 Gell's Gravitas          Tloc           8%         N/A       100%        3
 Lesser Beckoning         Tloc           8%         N/A       100%        3
 Teleport Other           Tloc           8%         N/A       100%        3
 Manifold Assault         Tloc           8%         N/A       100%        5

Inventory:

Hand Weapons
 Y - a +0 hand axe of flaming (weapon)
Armour
 a - a +0 chain mail (worn)
Jewellery
 i - a +4 ring of slaying (left hand) {mikee}
 n - an amulet of guardian spirit (around neck)
Scrolls
 c - a scroll of identify
 e - 2 scrolls of teleportation
Potions
 d - a potion of haste
 g - a potion of curing
 h - a potion of brilliance {unknown}
 k - a potion of degeneration {unknown}
 m - a potion of cancellation {unknown}
 o - a potion of mutation {unknown}

Dungeon Overview and Level Annotations

Branches:
Dungeon (4/15)
 Temple: D:4-7

Altars:
Ru


Message History

As you read the scroll of identify, it crumbles to dust.
g - a potion of curing;
2924 ||| IDENTIFYING grey potion Done exploring.
2925 ||| DROPPING potion of berserk rage.
You drop a potion of berserk rage.
Done exploring.
2926 ||| DROPPING potion of invisibility.
You drop a potion of invisibility.
Done exploring.
(D) Dungeon
Where to? (* - list waypoints, Enter - D:3, ? - help)
What level of the Dungeon? (default 1, ? - help)
You see here a hobgoblin skeleton.
There is a stone staircase leading down here.
You fly downwards.
There is a stone staircase leading up here.
Existing waypoints: (1) D:2 (2) D:3 Assign waypoint to what number? (0-9, D - delete waypoint) Waypoint 1 re-assigned from D:2 to D:4.
You flicker for a moment.
A wyvern comes into view.
2976 ||| Stepping ~*~*~tactically~*~*~ (stealth).
You flicker back into view.
The wyvern hisses angrily.
The wyvern bites you!
You hit the wyvern. You burn the wyvern. Your kick misses the wyvern.
The wyvern is moderately wounded.
The wyvern bites you.
You closely miss the wyvern. Your kick misses the wyvern.
The wyvern is moderately wounded.
The wyvern barely misses you. The wyvern bites you!
2982 ||| READING 3 scrolls of teleportation.
As you read the scroll of teleportation, it crumbles to dust.
You feel strangely unstable.
The wyvern bites you but does no damage.
You slash the wyvern! You burn the wyvern. You claw the wyvern.
The wyvern is almost dead.
The wyvern bites you.
You die...

#. #. #. #. #.
### #. #<#
..####l#####.#
#.....@.....#
#...#.#######
#. #. #. .. ..
##. ##


You could see a wyvern.

Vanquished Creatures
  Robin (D:3)
  3 adders (D:2)
  2 worms
  2 dart slugs
  6 bats
  8 endoplasms
  4 giant cockroaches (D:1)
  12 goblins
  10 hobgoblins
  3 quokkas
  4 ball pythons
  6 frilled lizards
  4 kobolds
  6 rats
71 creatures vanquished.

Notes
Turn   | Place    | Note
-------+----------+-------------------------------------------
     0 | D:1      | qw the Tengu Warper began the quest for the Orb.
     0 | D:1      | Reached XP level 1. HP: 12/12 MP: 4/4
     0 | D:1      | 0 ||| qw: Version: 0.1-a-89-g26bdef1
     0 | D:1      | 0 ||| qw: Game counter: 326
     0 | D:1      | 0 ||| qw: Always use a shield: true
     0 | D:1      | 0 ||| qw: God list: Okawaru
     0 | D:1      | 0 ||| qw: Allow faded altars: false
     0 | D:1      | 0 ||| qw: Do Orc after D:15 true
     0 | D:1      | 0 ||| qw: Do second Lair branch before Depths: true
     0 | D:1      | 0 ||| qw: Lair rune preference: random
     0 | D:1      | 0 ||| qw: Plans: Normal
     0 | D:1      | 0 ||| PLANNING D:1-11
    55 | D:1      | Reached XP level 2. HP: 15/17 MP: 6/6
    96 | D:1      | Reached skill level 3 in Axes
   441 | D:1      | Reached XP level 3. HP: 21/21 MP: 7/7
   562 | D:1      | 562 ||| Stepping ~*~*~tactically~*~*~ (hiding).
   738 | D:1      | 738 ||| UPGRADING to amulet of guardian spirit.
   743 | D:1      | 743 ||| READING scroll labelled TILUFY YDUDIB.
   747 | D:1      | 747 ||| READING scroll labelled ULOWYT LITZ.
   748 | D:1      | 748 ||| READING scroll labelled QORIAFI HUEKAV.
   831 | D:1      | 831 ||| READING scroll labelled UHEFAO ITSELAK.
   832 | D:1      | 832 ||| READING scroll labelled ACRATE VOUST.
   833 | D:1      | 833 ||| READING scroll labelled PEEROI URUI.
   834 | D:1      | 834 ||| DRINKING 2 brown potions.
   835 | D:1      | 835 ||| DROPPING scroll of blinking.
   836 | D:1      | 836 ||| DROPPING potion of flight.
   864 | D:2      | 864 ||| DROPPING +0 club.
   877 | D:2      | 877 ||| Stepping ~*~*~tactically~*~*~ (stealth).
   884 | D:2      | Reached skill level 4 in Axes
   936 | D:2      | 936 ||| FLEEEEING.
   937 | D:2      | 937 ||| FLEEEEING.
   942 | D:2      | 942 ||| FLEEEEING.
   943 | D:2      | 943 ||| FLEEEEING.
   944 | D:2      | 944 ||| STAIRDANCE
  1004 | D:2      | 1004 ||| STAIRDANCE
  1031 | D:2      | 1031 ||| STAIRDANCE
  1254 | D:2      | 1254 ||| Stepping ~*~*~tactically~*~*~ (stealth).
  1256 | D:2      | 1256 ||| Stepping ~*~*~tactically~*~*~ (stealth).
  1258 | D:2      | 1258 ||| Stepping ~*~*~tactically~*~*~ (stealth).
  1328 | D:2      | 1328 ||| Stepping ~*~*~tactically~*~*~ (stealth).
  1347 | D:2      | Reached XP level 4. HP: 26/26 MP: 8/8
  1394 | D:2      | 1394 ||| FLEEEEING.
  1395 | D:2      | 1395 ||| FLEEEEING.
  1396 | D:2      | 1396 ||| FLEEEEING.
  1397 | D:2      | 1397 ||| FLEEEEING.
  1398 | D:2      | 1398 ||| FLEEEEING.
  1399 | D:2      | 1399 ||| FLEEEEING.
  1400 | D:2      | 1400 ||| FLEEEEING.
  1443 | D:2      | Found a faded altar of an unknown god.
  1645 | D:2      | Reached skill level 5 in Axes
  1734 | D:2      | 1734 ||| READING scroll labelled ECZISO RUISAA.
  1735 | D:2      | 1735 ||| DROPPING +0 whip.
  1736 | D:2      | 1736 ||| DRINKING 2 viscous purple potions.
  1761 | D:3      | 1761 ||| Stepping ~*~*~tactically~*~*~ (stealth).
  1762 | D:3      | Noticed Robin
  1763 | D:3      | 1763 ||| Stepping ~*~*~tactically~*~*~ (hiding).
  1766 | D:3      | 1766 ||| Stepping ~*~*~tactically~*~*~ (hiding).
  1768 | D:3      | 1768 ||| STAIRDANCE
  1796 | D:3      | 1796 ||| STAIRDANCE
  1983 | D:3      | 1983 ||| Stepping ~*~*~tactically~*~*~ (hiding).
  1985 | D:3      | 1985 ||| STAIRDANCE
  2096 | D:3      | Killed Robin
  2145 | D:3      | 2145 ||| Stepping ~*~*~tactically~*~*~ (stealth).
  2307 | D:3      | Found a sacrificial altar of Ru.
  2380 | D:3      | 2380 ||| Stepping ~*~*~tactically~*~*~ (stealth).
  2480 | D:3      | 2480 ||| Stepping ~*~*~tactically~*~*~ (stealth).
  2485 | D:3      | Gained mutation: Your magical nature lets you fly swiftly
                  | and evasively. [Tengu growth]
  2485 | D:3      | Reached XP level 5. HP: 29/30 MP: 9/9
  2508 | D:3      | 2508 ||| Stepping ~*~*~tactically~*~*~ (stealth).
  2509 | D:3      | 2509 ||| Stepping ~*~*~tactically~*~*~ (stealth).
  2510 | D:3      | 2510 ||| Stepping ~*~*~tactically~*~*~ (stealth).
  2511 | D:3      | 2511 ||| Stepping ~*~*~tactically~*~*~ (stealth).
  2512 | D:3      | 2512 ||| Stepping ~*~*~tactically~*~*~ (stealth).
  2910 | D:3      | 2910 ||| UPGRADING to +0 chain mail.
  2920 | D:3      | 2920 ||| DROPPING +0 leather armour.
  2921 | D:3      | 2921 ||| UPGRADING to +4 ring of slaying {mikee}.
  2922 | D:3      | 2922 ||| DRINKING 2 amethyst potions.
  2923 | D:3      | 2923 ||| READING 3 scrolls of identify.
  2923 | D:3      | 2923 ||| IDENTIFYING ruby potion
  2924 | D:3      | 2924 ||| READING 2 scrolls of identify.
  2924 | D:3      | 2924 ||| IDENTIFYING grey potion
  2925 | D:3      | 2925 ||| DROPPING potion of berserk rage.
  2926 | D:3      | 2926 ||| DROPPING potion of invisibility.
  2975 | D:4      | Noticed a wyvern
  2976 | D:4      | 2976 ||| Stepping ~*~*~tactically~*~*~ (stealth).
  2981 | D:4      | HP: 4/30 [wyvern (9)]
  2982 | D:4      | 2982 ||| READING 3 scrolls of teleportation.
  2983 | D:4      | Slain by a wyvern

Levels and vault maps discovered:
D:1:      amcnicky_arrival_gap_in_the_tavern_cellar, layout_rooms,
          grunt_decor_resistance
D:2:      layout_rooms, ebering_ecumenical_altar_mist
D:3:      layout_basic, nicolae_ru_awakened_eye, uniq_robin
D:4:      layout_basic, trog_butcher_becter, kiku_gazebo_pond_becter,
          mainiacjoe_overflow_catwalk, nzn_wu_jian_contemplation

Skill      XL: |  1  2  3  4 |
---------------+-------------+-----
Axes           | 3 4 5 |  5.6
Fighting       | |  2.0
Throwing       | |  1.0
Armour         | |  1.1
Dodging        | |  2.1
Spellcasting   | |  2.0
Translocations | |  2.4

Action                   |  1- 3 |  4- 6 || total
-------------------------+-------+-------++-------
Melee: Hand axe          |    75 |    75 ||   150
       Kick              |    21 |    19 ||    40
       Peck              |     3 |     4 ||     7
Throw: Boomerang         |     7 |       ||     7
  Use: Scroll            |     6 |     4 ||    10
       Potion            |     1 |     2 ||     3
 Stab: Sleeping          |     1 |       ||     1
Armor: Leather armour    |    10 |    12 ||    22
       Skin              |       |    20 ||    20
       Chain mail        |       |     1 ||     1
Dodge: Dodged            |    41 |    37 ||    78

Table legend:
 A = Non-vault XP
 B = Vault XP
 C = Vault XP percentage of total XP
 D = Non-vault monster count
 E = Vault monster count
 F = Vault count percentage of total count
                 A         B        C        D         E       F
            +---------+---------+-------+---------+---------+-------
      Total |     142 |      38 |  21.1 |      59 |      12 |  16.9
            +---------+---------+-------+---------+---------+-------
        D:1 |      52 |       0 |   0.0 |      28 |       0 |   0.0
        D:2 |      64 |      12 |  15.8 |      17 |       6 |  26.1
        D:3 |      26 |      26 |  50.0 |      14 |       6 |  30.0
            +---------+---------+-------+---------+---------+-------
